 Dungeon Crawl Stone Soup version 0.27-a0-860-gaf99fae3ca (webtiles) character file.

Game seed: 759363305015212759

14126 robertstho the Thaumaturge (level 12, -20/84 HPs)
             Began as a Djinni Fire Elementalist on Apr 1, 2021.
             Was a Priest of Makhleb.
             Demolished by Rupert
             ... wielding a +2 battleaxe of electrocution
              (34 damage)
             ... on level 13 of the Dungeon.
             The game lasted 00:24:17 (15076 turns).

robertstho the Thaumaturge (DjFE)                  Turns: 15076, Time: 00:24:18

Health: -20/84     AC:  6    Str:  7    XL:     12   Next: 13%
Gold:   707        EV: 13    Int: 21    God:    Makhleb [***...] SH:  0 Dex: 15

rFire    + + +     SeeInvis +   z - +0 great sword
rCold    x x .     Faith    .   (shield currently unavailable)
rNeg     . . .     Spirit   .   E - +0 troll leather armour
rPois    ∞         Reflect  .   H - +1 helmet {SInv}
rElec    .         Harm     .   D - scarf {rC+ rF+}
rCorr    .         Rampage  .   (no gloves)
Will     +....                  (boots unavailable)
Stlth    ++........             (no amulet)
HPRegen  1.24/turn              m - ring of fire
MPRegen  0.00/turn              J - ring of fire

@: flying, studying Long Blades
A: fire resistance 2, cold vulnerability 1, float, innate caster, hp casting,
extra vitality 1
a: Renounce Religion, Minor Destruction, Lesser Servant of Makhleb


You were on level 13 of the Dungeon.
You worshipped Makhleb.
Makhleb was most pleased with you.
You visited 2 branches of the dungeon, and saw 14 of its levels.

You collected 935 gold pieces.
You spent 228 gold pieces at shops.

Inventory:

Hand Weapons
 b - a +0 dagger of venom
 h - a +0 short sword
 u - a +0 dagger of electrocution
 y - a +1 short sword of holy wrath
 z - a +0 great sword (weapon)
Missiles
 j - 11 throwing nets
 v - 2 curare-tipped darts
Armour
 k - a +2 buckler
 n - a +0 robe of willpower
 D - a scarf of resistance (worn)
 E - a +0 troll leather armour (worn)
 H - a +1 helmet of see invisible (worn)
Jewellery
 m - a ring of fire (left hand)
 x - a ring of positive energy
 J - a ring of fire (right hand)
Wands
 e - a wand of charming (2)
 p - a wand of iceblast (41)
 q - a wand of acid (6)
Scrolls
 a - a scroll of noise {unknown}
 c - a scroll of magic mapping
 l - a scroll of fear
 r - 2 scrolls of immolation {unknown}
 s - 2 scrolls of vulnerability
 C - a scroll of enchant weapon
 F - a scroll of blinking {unknown}
 M - a scroll of teleportation
Potions
 d - 7 potions of curing
 f - a potion of brilliance
 g - a potion of haste
 i - 4 potions of attraction
 o - 2 potions of lignification
 t - a potion of ambrosia {unknown}
 w - 2 potions of mutation
 A - a potion of might {unknown}
 B - 3 potions of resistance {unknown}
 L - a potion of cancellation


   Skills:
 * Level 6.5 Fighting
 * Level 8.1 Long Blades
 + Level 1.0 Armour
 + Level 4.3 Dodging
 + Level 3.8 Stealth
 + Level 0.4 Shields
 * Level 14.8 Spellcasting
 * Level 4.1 Invocations
 + Level 0.5 Evocations


You had 11 spell levels left.
You knew the following spells:

 Your Spells              Type           Power      Damage    Failure   Level
a - Foxfire               Conj/Fire      100%       2x1d9     0%          1
b - Conjure Flame         Conj/Fire      100%       6-21      1%          3
c - Inner Flame           Hex/Fire       100%       N/A       1%          3
d - Sticky Flame          Conj/Fire      100%       2d11      1%          4
e - Fireball              Conj/Fire      54%        3d21      1%          5
f - Apportation           Tloc           100%       N/A       0%          1
g - Searing Ray           Conj           100%       3d7       1%          2
h - Ensorcelled Hibernat  Hex/Ice        100%       N/A       1%          2
i - Leda's Liquefaction   Hex/Erth       33%        N/A       1%          4
j - Fulminant Prism       Conj/Hex       33%        3d16      1%          4
Your spell library was empty.

Dungeon Overview and Level Annotations

Branches:
Dungeon (13/15)            Temple (1/1) D:7            Lair (0/6) D:11
    Orc (0/2) D:10
 Vaults: D:13-14

Altars:
Ashenzari
Cheibriados
Dithmenos
Elyvilon
Fedhas
Gozag
Hepliaklqana
Kikubaaqudgha
Makhleb
Nemelex Xobeh
Okawaru
Qazlal
Ru
Sif Muna
Trog
Uskayaw
Vehumet
Wu Jian
Xom
Yredelemnul
Zin
The Shining One

Shops:
D:4 [   D:7 *

Annotations:
D:4 1 runed translucent door, rageheart7's ghost, novice KoHu
D:5 2 transporters
D:11 3 runed translucent doors, Rennog's ghost, journeyman TrGl
D:13 Rupert


Innate Abilities, Weirdness & Mutations

You are immune to poison.
Your flesh is very heat resistant. (rF++)
You are vulnerable to cold. (rC-)
You float through the air rather than walking.
You learn spells naturally, not from books.
Your magical power is your life essence.
You have superior vitality. (+4 HP)


Message History

You hear the thunderous beating of a very distant drum.
You hear the thunderous beating of a very distant drum.
You reach down and open the door.
A centaur warrior comes into view.
The centaur warrior shouts!
You hear a shout!
The centaur warrior wields a +0 shortbow.
The centaur warrior shoots an arrow.
The arrow closely misses you.
Rupert the Wild comes into view.
He is wielding a +2 battleaxe of electrocution and wearing a +0 ring mail of poison resistance.
Casting: Fireball (mildly dangerous; 1% risk of failure)
Confirm with . or Enter, or press ? or * to list all spells.
You feel a strong surge of power!
The fire begins to smolder!
The centaur warrior shoots an arrow.
The arrow hits you!!
Rupert roars madly and goes into a rage!
Rupert goes berserk!
The centaur warrior shoots an arrow.
The arrow hits you!
The fire ignites!
Casting: Conjure Flame (safe; 1% risk of failure)
Confirm with . or Enter, or press ? or * to list all spells.
Aiming: Fireball (mildly dangerous; 1% risk of failure)
Press: ? - help, Shift-Dir - straight line, f - Rupert
Aim: Rupert, wielding a +2 battleaxe of electrocution and wearing a +0 ring mail of poison resistance (berserk)
You feel a strong surge of power!
The fireball explodes!
The fireball engulfs Rupert!!
Rupert is lightly wounded.
Casting: Fireball (mildly dangerous; 1% risk of failure)
Confirm with . or Enter, or press ? or * to list all spells.
Aiming: Sticky Flame (safe; 1% risk of failure)
Press: ? - help, Shift-Dir - straight line, f/p - Rupert
Aim: Rupert, wielding a +2 battleaxe of electrocution and wearing a +0 ring mail of poison resistance (flame, lightly wounded, berserk, 0% to evade)
You feel a strong surge of power!
The sticky flame hits Rupert!
Rupert is moderately wounded.
Rupert is covered in liquid flames!
Rupert burns!
Rupert is engulfed in blazing flames.
Rupert hits you with a +2 battleaxe of electrocution!!
* * * LOW HITPOINT WARNING * * *
You feel much better.
Rupert burns!
Rupert is engulfed in blazing flames.
Rupert hits you with a +2 battleaxe of electrocution!!
* * * LOW HITPOINT WARNING * * *
Rupert is engulfed in blazing flames.
Rupert hits you with a +2 battleaxe of electrocution!!
You die...

.######.#.#####.#...######
#....#####.#...'.....
#.#......#.#...######
#.#......#.#.........
#.#...<..#.###.######
#.#.^....#.###.######
#..................
##.#####.###.###### #@#
#.# #.# #@# #.# #.# #c#
#.# #.# ... #.# #.# .....
#.# #.###### ....... #.#
#.......
.........#.##########
....#+#####...........
..... ############


You could see Rupert (berserk, burning) and a centaur warrior.

Vanquished Creatures
  Gastronok (D:9)
  Harold (D:7)
  Erolcha (D:12)
  A hydra (D:13)
  A two-headed ogre (D:10)
  2 manticores (D:9)
  A cyclops (D:9)
  An unseen horror (D:12)
  3 trolls
  A meliai zombie (D:11)
  Sigmund (D:5)
  A wraith (D:10)
  A shadow (D:10)
  8 yaks
  A steam dragon (D:9)
  5 vampire mosquitoes
  Edmund (D:6)
  3 acid dragons
  2 water moccasins (D:8)
  4 orc warriors
  A sky beast (D:8)
  An ice beast (D:5)
  A black bear (D:7)
  3 ogres
  2 phantoms (D:10)
  11 centaurs
  3 kobold brigands
  2 bullfrogs
  3 gnoll sergeants (D:10)
  A wyvern zombie (D:8)
  2 scorpions
  A troll zombie (D:10)
  A wyvern skeleton (D:6)
  A killer bee (D:10)
  A water moccasin skeleton (D:6)
  4 howler monkeys
  4 centaur zombies
  2 orc priests
  4 gnoll shamans
  8 hounds
  2 jellies
  A centaur skeleton (D:7)
  2 iguanas
  8 orc wizards
  5 ogre zombies (D:10)
  A centaur simulacrum (D:9)
  27 gnolls
  3 adders (D:4)
  A white imp (D:7)
  3 worms
  23 orcs
  4 ball pythons
  3 bats
  2 endoplasms
  2 giant cockroaches
  3 goblins
  3 hobgoblins
  6 jackals (D:10)
  2 quokkas
  3 frilled lizards
  A goblin skeleton (D:10)
  2 hobgoblin skeletons (D:10)
  2 hobgoblin zombies (D:10)
  24 kobolds
  6 orc skeletons (D:10)
  8 orc zombies (D:10)
  A rat (D:2)
244 creatures vanquished.

Vanquished Creatures (others)
  An unseen horror (D:10)
  A hound (D:4)
  432 foxfires
  2 fungi (D:11)
  64 plants
500 creatures vanquished.

Grand Total: 744 creatures vanquished

Notes
Turn   | Place    | Note
-------+----------+-------------------------------------------
     0 | D:1      | robertstho the Djinni Fire Elementalist began the quest for
                  | the Orb.
     0 | D:1      | Reached XP level 1. HP: 15/15 MP: 0/0
    80 | D:1      | Reached skill level 3 in Spellcasting
   289 | D:1      | Reached XP level 2. HP: 20/21 MP: 0/0
   421 | D:1      | You are sucked into a shaft and drop 1 floor!
   422 | D:2      | Found a faded altar of an unknown god.
  1253 | D:3      | Reached XP level 3. HP: 22/26 MP: 0/0
  1253 | D:3      | Learned a level 1 spell: Apportation
  1378 | D:3      | Found a hide-covered altar of Uskayaw.
  1860 | D:4      | Found a runed translucent door.
  1896 | D:4      | Identified 2 scrolls of acquirement
  1896 | D:4      | Acquired a manual of Spellcasting
  1906 | D:4      | Acquired a manual of Long Blades
  1951 | D:4      | Found Linoefop's Armour Boutique.
  2274 | D:4      | Reached skill level 4 in Spellcasting
  2343 | D:4      | Noticed rageheart7's ghost (novice KoHu)
  2508 | D:4      | Reached XP level 4. HP: 30/31 MP: 0/0
  2531 | D:4      | Noticed an ogre
  2743 | D:4      | Noticed an ogre
  2789 | D:4      | Killed an ogre
  2790 | D:4      | Reached skill level 1 in Fighting
  2790 | D:4      | Reached skill level 5 in Spellcasting
  2790 | D:4      | Reached XP level 5. HP: 31/37 MP: 0/0
  2790 | D:4      | Learned a level 2 spell: Searing Ray
  2846 | D:4      | Reached skill level 1 in Long Blades
  2868 | D:4      | Killed an ogre
  2869 | D:4      | Reached skill level 6 in Spellcasting
  2869 | D:4      | Reached XP level 6. HP: 36/42 MP: 0/0
  3204 | D:5      | Entered Level 5 of the Dungeon
  3356 | D:5      | Reached skill level 7 in Spellcasting
  3458 | D:5      | Found a transporter.
  3458 | D:5      | Noticed an ice beast
  3464 | D:5      | Killed an ice beast
  3465 | D:5      | Reached XP level 7. HP: 47/49 MP: 0/0
  3465 | D:5      | Learned a level 2 spell: Ensorcelled Hibernation
  3465 | D:5      | Noticed Sigmund
  3466 | D:5      | Found a transporter.
  3480 | D:5      | Killed Sigmund
  3481 | D:5      | Reached skill level 8 in Spellcasting
  4095 | D:6      | Reached XP level 8. HP: 27/55 MP: 0/0
  4464 | D:6      | Reached skill level 9 in Spellcasting
  4683 | D:6      | Noticed Edmund
  4696 | D:6      | Killed Edmund
  5276 | D:7      | Noticed a troll
  5281 | D:7      | Reached skill level 10 in Spellcasting
  5299 | D:7      | Found Qeur's Assorted Antiques.
  5609 | D:7      | Bought a scroll of identify for 48 gold pieces
  5663 | D:7      | Killed a troll
  5677 | D:7      | Reached XP level 9. HP: 27/62 MP: 0/0
  5677 | D:7      | Learned a level 4 spell: Leda's Liquefaction
  5681 | D:7      | Noticed Harold
  5911 | D:7      | Reached skill level 11 in Spellcasting
  6023 | D:7      | Killed Harold
  6024 | D:7      | Reached skill level 5 in Long Blades
  6173 | D:7      | Found a staircase to the Ecumenical Temple.
  6449 | D:8      | Reached skill level 12 in Spellcasting
  6818 | D:8      | Found an iron altar of Okawaru.
  7724 | D:8      | Reached XP level 10. HP: 35/69 MP: 0/0
  8611 | Temple   | Entered the Ecumenical Temple
  8722 | Temple   | Became a worshipper of Makhleb the Destroyer
  8791 | D:9      | Noticed Gastronok
  9124 | D:9      | Reached skill level 1 in Invocations
  9299 | D:9      | Found an opulent altar of Gozag.
  9306 | D:9      | Noticed a cyclops
  9308 | D:9      | Killed Gastronok
  9309 | D:9      | Reached skill level 5 in Fighting
  9309 | D:9      | Reached skill level 13 in Spellcasting
  9310 | D:9      | Killed a cyclops
  9575 | D:9      | Noticed a manticore
  9578 | D:9      | Noticed a manticore
  9581 | D:9      | Killed a manticore
  9582 | D:9      | Reached XP level 11. HP: 30/76 MP: 0/0
  9582 | D:9      | Learned a level 4 spell: Fulminant Prism
  9585 | D:9      | Killed a manticore
 10354 | D:7      | Bought a glowing helmet for 180 gold pieces
 10655 | D:10     | Entered Level 10 of the Dungeon
 10781 | D:10     | Noticed a two-headed ogre
 10784 | D:10     | Killed a two-headed ogre
 10785 | D:10     | Reached skill level 14 in Spellcasting
 10785 | D:10     | Found a shimmering altar of Xom.
 10790 | D:10     | Reached * piety under Makhleb
 11924 | D:10     | Found a staircase to the Orcish Mines.
 12132 | D:10     | Reached ** piety under Makhleb
 13861 | D:11     | Found a staircase to the Lair.
 13881 | D:11     | Found a runed translucent gate.
 13881 | D:11     | Found a runed translucent gate.
 13881 | D:11     | Found a runed translucent gate.
 13882 | D:11     | Noticed Rennog's ghost (journeyman TrGl)
 13952 | D:11     | Reached *** piety under Makhleb
 14294 | D:12     | Noticed Erolcha
 14298 | D:12     | Killed Erolcha
 14299 | D:12     | Reached XP level 12. HP: 65/84 MP: 0/0
 14817 | D:13     | Noticed a five-headed hydra
 14820 | D:13     | Killed a five-headed hydra
 14821 | D:13     | Reached skill level 1 in Armour
 15071 | D:13     | Noticed a centaur warrior
 15071 | D:13     | Noticed Rupert
 15076 | D:13     | Demolished by Rupert

Illustrated notes

Levels and vault maps discovered:
D:1:      nagdon_arrival_double_spiral, layout_basic, minmay_misc_feat_alley,
          st_stairs_12, minmay_tree_intersection
D:2:      layout_rooms, ebering_ecumenical_altar_ruins
D:3:      layout_rooms, nicolae_uskayaw_dance_hall
D:4:      layout_basic, serial_shops, kennysheep_little_box,
          ebering_ghost_sewer_d
D:5:      layout_basic, gammafunk_ghost_gnarly_gnolls, uniq_sigmund
D:6:      layout_basic, uniq_edmund
D:7:      layout_rooms, minmay_temple_entry_glassed_door, serial_shops,
          nicolae_shop_statue_plus, uniq_harold
D:8:      kennysheep_kobold_camp, layout_basic, kennysheep_mini_moat
D:9:      layout_gridville, nicolae_gozag_seed_capital, kb_rosetta,
          uniq_gastronok
D:10:     layout_cave_pools, xom_confusion_cloud, zombieorc1_lemuel,
          serial_gnoll_camp, gnoll_camp_huts_basic, gnoll_camp_medium_02,
          gnoll_camp_mini_doghouse, gnoll_camp_mini_loothouse
D:11:     layout_roguey, lair_entry_dummy, gammafunk_ghost_nasty_kobolds,
          chequers_garden, amethyst_killhole, palyth_stone_intersect,
          grunt_ministairs_4
D:12:     layout_long_grid, uniq_erolcha
D:13:     layout_basic, nicolae_trove_entry_diagonal, gauntlet_entry_generic,
          eino_house_with_fridge, uniq_rupert
Temple:   regret_index_temple_mists

Skill      XL: |  1  2  3  4  5  6  7  8  9 10 11 12 |
---------------+-------------------------------------+-----
Spellcasting   | 3 4 5 6 7 8 10 12 13 14 | 14.8
Fighting       | 1 2 3 4 5 6 |  6.5
Long Blades    | 1 2 3 4 6 7 8 |  8.1
Dodging        | 3 4 |  4.3
Stealth        | 2 3 |  3.8
Invocations    | 2 3 4 |  4.1
Armour         | 1 |  1.0
Shields        | |  0.4
Evocations     | |  0.5

Action                   |  1- 3 |  4- 6 |  7- 9 | 10-12 || total
-------------------------+-------+-------+-------+-------++-------
Melee: Dagger            |       |       |    16 |    22 ||    38
       Great sword       |       |       |       |     4 ||     4
 Cast: Foxfire           |    64 |    38 |    98 |    44 ||   244
       Sticky Flame      |       |       |     9 |    10 ||    19
       Fireball          |       |       |    24 |   145 ||   169
       Conjure Flame     |       |       |       |     1 ||     1
Evoke: Wand              |       |     4 |       |       ||     4
  Use: Scroll            |     5 |     3 |     5 |     6 ||    19
       Potion            |       |       |     1 |     2 ||     3
Armor: Robe              |     1 |     2 |     5 |     1 ||     9
       Troll leather arm |       |       |       |     3 ||     3
Dodge: Dodged            |    11 |     7 |    36 |    27 ||    81
Block: Buckler           |     2 |     5 |       |       ||     7
       Rpst.: Great sword |       |       |       |     2 ||     2

Table legend: (Time is in decaauts)
 A = Elapsed time spent in this place.
 B = Non-inter-level travel time spent in this place.
 C = Inter-level travel time spent in this place.
 D = Time resting spent in this place.
 E = Time spent auto-exploring this place.
 F = Levels seen in this place.
 G = Mean time per level.
                   A        B        C        D        E       F      G
               +--------+--------+--------+--------+--------+-----+--------+
         Total |  15077 |  14208 |    869 |   2096 |  10685 |  14 | 1076.9 |
       Dungeon |  14949 |  14097 |    852 |   2096 |  10586 |  13 | 1149.9 |
        Temple |    127 |    111 |     16 |      0 |     99 |   1 |  127.0 |
               +--------+--------+--------+--------+--------+-----+--------+

Top non-repeatable levels by time:
     D:8: 2835 daAuts
    D:10: 2231 daAuts
     D:9: 1720 daAuts
     D:6: 1334 daAuts
     D:4: 1227 daAuts
     D:7: 1169 daAuts
     D:5: 798 daAuts
     D:3: 778 daAuts
     D:2: 777 daAuts
    D:11: 727 daAuts
    D:12: 609 daAuts
     D:1: 421 daAuts
    D:13: 317 daAuts
  Temple: 127 daAuts
